 Dungeon Crawl Stone Soup version 0.31-a0-1576-ga3383bade6 (webtiles) character file.

Game seed: 933882128961900352

11 Flugslaktarn the Apothecary (level 2, -5/17 HPs)
             Began as an Octopode Alchemist on Jan 4, 2024.
             Slain by a gnoll
             ... wielding a +0 flail
              (11 damage)
             ... on level 1 of the Dungeon.
             The game lasted 00:00:19 (136 turns).

Flugslaktarn the Apothecary (Octopode Alchemist)     Turns: 136, Time: 00:00:20

Health: -5/17      AC:  1    Str:  7    XL:     2   Next: 25%
Magic:  0/5        EV: 13    Int: 17    God:
Gold:   0          SH:  0    Dex: 12    Spells: 4/5 levels left

rFire   . . .        (no weapon)
rCold   . . .        (no shield)
rNeg    . . .        (helmet restricted)
rPois   .            (no amulet)
rElec   .            (no ring)
rCorr   .            (no ring)
SInv    .            (no ring)
Will    .....        (no ring)
Stlth   +++          (no ring)
HPRegen 0.22/turn    (no ring)
MPRegen 0.09/turn    (no ring)
                     (no ring)

%: no passive effects
@: no status effects
A: almost no armour, amphibious, 8 rings, camouflage 1, gelatinous body 1,
(nimble swimmer 1), tentacles
a: no special abilities


You were on level 1 of the Dungeon.
You visited 1 branch of the dungeon, and saw 1 of its levels.

Inventory:

Scrolls
 b - a scroll of fog {unknown}
Potions
 a - a potion of magic


   Skills:
 - Level 2.0 Dodging
 - Level 2.6 Stealth
 + Level 2.2 Spellcasting
 - Level 1.0 Conjurations
 * Level 3.8 Alchemy


You had 4 spell levels left.
You knew the following spells:

 Your Spells              Type           Power      Damage    Failure   Level
a - Sting                 Conj/Alch      40%        1d5       7%          1

Your spell library contained the following spells:

 Spells                   Type           Power      Damage    Failure   Level
 Mercury Vapours          Alch/Air       16%        N/A       13%         2
 Mephitic Cloud           Conj/Alch/Air  7%         N/A       28%         3
 Olgreb's Toxic Radiance  Alch           14%        N/A       36%         4
 Sticky Flame             Fire/Alch      8%         2d4       65%         4


Dungeon Overview and Level Annotations

Branches:
Dungeon (1/15)

Altars:


Innate Abilities, Weirdness & Mutations

You cannot wear most types of armour.
You are amphibious.
You can wear up to eight rings at the same time.
Your skin changes colour to match your surroundings (Stealth+).
Your rubbery body absorbs attacks. (AC +1, EV +1)
((You are camouflaged when in or above water. (Stealth+)))
You have tentacles for arms and can constrict up to eight enemies at once.


Message History

There is an open door here.
A hobgoblin comes into view.
A bat comes into view.
Found a scroll labelled UVOADW LUVVAT.
Casting: Sting (safe; 8% risk of failure)
Confirm with . or Enter, or press ? or * to list all spells.
Aiming: Sting (safe; 8% risk of failure)
Press: ? - help, Shift-Dir - straight line, f - hobgoblin
Aim: a hobgoblin (asleep, 100% to hit)
The sting hits the hobgoblin.
The hobgoblin is poisoned.
The hobgoblin is heavily wounded.
The hobgoblin shouts!
You kill the hobgoblin!
The bat hits you.
You have reached level 2!
Casting: Sting (safe; 7% risk of failure)
Confirm with . or Enter, or press ? or * to list all spells.
Aiming: Sting (safe; 7% risk of failure)
Press: ? - help, Shift-Dir - straight line, f - bat
Aim: a bat (52% to hit)
The sting misses the bat.
The bat barely misses you.
You tentacle-slap the bat. Your grab misses the bat.
The bat is severely wounded.
The bat misses you. The bat completely misses you.
You barely miss the bat. Your grab misses the bat.
The bat is severely wounded.
The bat hits you. The bat hits you but does no damage.
You tentacle-slap the bat but do no damage.
You grab the bat. You squeeze the bat, but do no damage.
The bat is severely wounded.
You constrict the bat.
You kill the bat!
b - a scroll labelled UVOADW LUVVAT A goblin comes into view.
It is wielding a +0 club.
A goblin is nearby!
Unknown command.
A gnoll and an endoplasm come into view.
Casting: Sting (safe; 7% risk of failure)
Confirm with . or Enter, or press ? or * to list all spells.
Aiming: Sting (safe; 7% risk of failure)
Press: ? - help, Shift-Dir - straight line, f - goblin
Aim: a goblin, wielding a +0 club (asleep, 100% to hit)
The sting hits the goblin.
The goblin is poisoned.
You kill the goblin!
The endoplasm quivers.
Casting: Sting (safe; 7% risk of failure)
Confirm with . or Enter, or press ? or * to list all spells.
Aiming: Sting (safe; 7% risk of failure)
Press: ? - help, Shift-Dir - straight line, f - endoplasm
Aim: an endoplasm (98% to hit)
The sting hits the endoplasm but does no damage.
The endoplasm is poisoned.
Casting: Sting (safe; 7% risk of failure)
Confirm with . or Enter, or press ? or * to list all spells.
Aiming: Sting (safe; 7% risk of failure)
Press: ? - help, Shift-Dir - straight line, f/p - endoplasm
Aim: an endoplasm (poisoned, 98% to hit)
The sting hits the endoplasm but does no damage.
The endoplasm looks even sicker.
You tentacle-slap the endoplasm but do no damage.
The endoplasm hits you.
You tentacle-slap the endoplasm.
The endoplasm is heavily wounded.
The endoplasm hits you.
You tentacle-slap the endoplasm but do no damage.
The endoplasm is heavily wounded.
You kill the endoplasm!
No target in view!
The gnoll shouts!
Casting: Sting (safe; 7% risk of failure)
Confirm with . or Enter, or press ? or * to list all spells.
Aiming: Sting (safe; 7% risk of failure)
Press: ? - help, Shift-Dir - straight line, f - gnoll
Aim: a gnoll, wielding a +0 flail (75% to hit)
The sting hits the gnoll.
The gnoll is poisoned.
The gnoll is lightly wounded.
You tentacle-slap the gnoll but do no damage.
You grab the gnoll.
The gnoll is moderately wounded.
You constrict the gnoll, but do no damage.
The gnoll barely misses you.
Casting: Sting (safe; 7% risk of failure)
Confirm with . or Enter, or press ? or * to list all spells.
Aiming: Sting (safe; 7% risk of failure)
Press: ? - help, Shift-Dir - straight line, f/p - gnoll
Aim: a gnoll, wielding a +0 flail (moderately wounded, constricted by you, poisoned, 100% to hit)
The sting hits the gnoll.
The gnoll looks even sicker.
The gnoll is severely wounded.
You constrict the gnoll, but do no damage.
The gnoll hits you with a +0 flail!
Casting: Sting (safe; 7% risk of failure)
Confirm with . or Enter, or press ? or * to list all spells.
You don't have enough magic to cast this spell.
You tentacle-slap the gnoll.
The gnoll is severely wounded.
You constrict the gnoll. The gnoll hits you with a +0 flail!
Ouch! That really hurt!
You die...

#.............
#.......###.#.
#.......#...#
#.......#.###
###.#.......#
#.#.###.#.#
..... #.#.#
.#.#.#.#.#.#
#...#.#..g@.#
### #.....#
....)......
###.####.#.#
#. .#... # .#
#.# .# .# ## #


You could see a gnoll (very poisoned).

Vanquished Creatures
  A ball python (D:1)
  An endoplasm (D:1)
  A giant cockroach (D:1)
  A goblin (D:1)
  3 hobgoblins (D:1)
  A bat (D:1)
  A rat (D:1)
9 creatures vanquished.

Notes
Turn   | Place    | Note
-------+----------+-------------------------------------------
     0 | D:1      | Flugslaktarn the Octopode Alchemist began the quest for the
                  | Orb.
     0 | D:1      | Reached XP level 1. HP: 11/11 MP: 3/3
   102 | D:1      | Reached XP level 2. HP: 16/17 MP: 3/5
   136 | D:1      | Slain by a gnoll

Illustrated notes

Levels and vault maps discovered:
D:1:      minmay_arrival_four_houses, layout_basic,
          shapermc_ecumenical_altar_notcrosses, minmay_pentomino_x4

Action                     || total
---------------------------++-------
  Melee: Unarmed           ||    19
         Constrict         ||     5
         Tentacles         ||     3
   Cast: Sting             ||    13
 Armour: Skin              ||    13
  Dodge: Dodged            ||    10

Table legend: (Time is in decaauts)
 A = Elapsed time spent in this place.
 B = Non-inter-level travel time spent in this place.
 C = Inter-level travel time spent in this place.
 D = Time resting spent in this place.
 E = Time spent auto-exploring this place.
 F = Levels seen in this place.
 G = Mean time per level.
                   A        B        C        D        E       F      G
               +--------+--------+--------+--------+--------+-----+--------+
         Total |    136 |    136 |      0 |      0 |     66 |   1 |  136.0 |
       Dungeon |    136 |    136 |      0 |      0 |     66 |   1 |  136.0 |
               +--------+--------+--------+--------+--------+-----+--------+

Top non-repeatable levels by time:
     D:1: 136 daAuts
